 Dungeon Crawl Stone Soup version 0.21-a0-404-g291f19a (webtiles) character file.

28 exp172 the Skirmisher (level 2, -3/24 HPs)
             Began as a Demonspawn Berserker on Oct 31, 2017.
             Was a Follower of Trog.
             Slain by a worm (5 damage)
             ... on level 2 of the Dungeon.
             The game lasted 00:05:46 (818 turns).

exp172 the Skirmisher (Demonspawn Berserker)         Turns: 818, Time: 00:05:47

Health: -3/24      AC:  5    Str: 17    XL:     2   Next: 96%
Magic:  2/2        EV: 11    Int:  8    God:    Trog [*.....]
Gold:   8          SH:  0    Dex: 12    Spells: 1/1 levels left

rFire    . . .     SeeInvis .   a - +0 mace
rCold    . . .     Gourm    .   (no shield)
rNeg     . . .     Faith    .   g - +0 ring mail
rPois    .         Spirit   .   (no helmet)
rElec    .         Reflect  .   (no cloak)
rCorr    .         Harm     .   (no gloves)
MR       .....                  (no boots)
Stlth    +.........             (no amulet)
HPRegen  0.08/turn              (no ring)
MPRegen  0.08/turn              (no ring)

@: no status effects
A: claws 1
a: Berserk, Burn Spellbooks, Renounce Religion


You were on level 2 of the Dungeon.
You worshipped Trog.
Trog was aware of your devotion.
You were not hungry.

You visited 1 branch of the dungeon, and saw 2 of its levels.

You collected 8 gold pieces.

Inventory:

Hand Weapons
 a - a +0 mace (weapon)
Missiles
 f - 29 bolts
 j - 3 stones (quivered)
Armour
 b - a +0 animal skin
 g - a +0 ring mail (worn)
Scrolls
 e - 2 scrolls of identify {unknown}
 h - a scroll of recharging {unknown}
 l - a scroll of enchant armour {unknown}
Potions
 i - a potion of invisibility {unknown}
 k - a potion of berserk rage {unknown}
Comestibles
 c - a bread ration


   Skills:
 + Level 3.3 Fighting
 + Level 3.3 Maces & Flails
 + Level 1.7 Armour
 + Level 2.0 Dodging


You had one spell level left.
You didn't know any spells.

Dungeon Overview and Level Annotations

Branches:
Dungeon (2/15)

Altars:
The Shining One


Innate Abilities, Weirdness & Mutations

You have sharp fingernails.


Message History

You hit the worm.
The worm is lightly wounded.
The worm bites you but does no damage.
You hit the worm.
The worm is moderately wounded.
The worm bites you.
* * * LOW HITPOINT WARNING * * *
You thump the worm!
The worm is severely wounded.
You hit the worm.
The worm is almost dead.
The worm bites you.
* * * LOW HITPOINT WARNING * * *
You hit the worm.
The worm is almost dead.
The worm bites you but does no damage.
You barely miss the worm.
The worm is almost dead.
The worm bites you.
You die...

.........#.....#
####.#########.#
............ ..#
......###### #..#
......# ...> ......##
##### #####..########
#######
##........####$..<...
########...@w.......
######....... .......
.?..... ..)....
..w.... .......
....!..


You could see a worm.

Vanquished Creatures
  An adder (D:2)
  2 bats (D:1)
  2 giant cockroaches
  2 goblins
  4 hobgoblins
  A kobold (D:2)
  6 rats
18 creatures vanquished.

Notes
Turn   | Place    | Note
-------+----------+-------------------------------------------
     0 | D:1      | exp172 the Demonspawn Berserker began the quest for the Orb.
     0 | D:1      | Reached XP level 1. HP: 18/18 MP: 1/1
   209 | D:1      | Gained mutation: You have sharp fingernails. [demonic ancestry]
   209 | D:1      | Reached XP level 2. HP: 24/24 MP: 2/2
   577 | D:1      | You fall through a shaft!
   725 | D:2      | Found a glowing golden altar of the Shining One.
   818 | D:2      | Slain by a worm

Vault maps used:
D:1:      onia_arrival_handbag, serial_bayou_pond_c
D:2:      nicolae_overflow_crystal_walls, minmay_pentomino_t2

Skill      XL: |  1  2 |
---------------+-------+-----
Dodging        | 2 |  2.0
Maces & Flails | 3 |  3.3
Fighting       | |  3.3
Armour         | |  1.7

Action                   || total
-------------------------++-------
Melee: Mace              ||   110
Armor: Ring mail         ||    34
       Animal skin       ||     3
Dodge: Dodged            ||    55

Table legend:
 A = Spawn XP
 B = Non-spawn XP
 C = Spawn XP percentage of total XP
 D = Spawn monster count
 E = Non-spawn monster count
 F = Spawn count percentage of total count
 G = Total turns spent on level
                    A         B        C        D         E        F      G
               +---------+---------+-------+---------+---------+-------+---------
         Total |       0 |      40 |   0.0 |       0 |      18 |   0.0 |   818
               +---------+---------+-------+---------+---------+-------+---------
           D:1 |       0 |      18 |   0.0 |       0 |      11 |   0.0 |   577
           D:2 |       0 |      22 |   0.0 |       0 |       7 |   0.0 |   241
               +---------+---------+-------+---------+---------+-------+---------
